 Dungeon Crawl Stone Soup version 0.29-a0-648-g6b26cc9f40 (webtiles) character file.

Game seed: 8473226943052321148

301 quinnr the Gusty (level 6, -2/28 HPs)
             Began as a Vine Stalker Air Elementalist on June 20, 2022.
             Was an Initiate of Vehumet.
             Slain by a yak (11 damage)
             ... on level 5 of the Dungeon.
             The game lasted 00:08:01 (5563 turns).

quinnr the Gusty (Vine Stalker Air Elementalist)    Turns: 5563, Time: 00:08:02

Health: -2/28      AC:  2    Str: 11    XL:     6   Next: 37%
Magic:  0/10       EV: 11    Int: 17    God:    Vehumet [......]
Gold:   282        SH:  4    Dex: 14    Spells: 4/10 levels left

rFire   + . .      SeeInvis .   p - +0 dagger
rCold   . . .      Faith    .   k - +0 buckler
rNeg    . . .      Spirit   +   a - +0 robe
rPois   .          Reflect  .   (no helmet)
rElec   .          Harm     .   (no cloak)
rCorr   .          Rampage  .   (no gloves)
Will    .....                   (no boots)
Stlth   ++........              d - amulet of the acrobat
HPRegen 0.89/turn               u - ring of protection from fire
MPRegen 0.12/turn               (no ring)

@: no status effects
A: fangs 2, regeneration 1, magic shield, antimagic bite, no potion heal 2
a: Renounce Religion


You were on level 5 of the Dungeon.
You worshipped Vehumet.
Vehumet was noncommittal.
You visited 1 branch of the dungeon, and saw 5 of its levels.

You collected 282 gold pieces.

Inventory:

Hand Weapons
 p - a +0 dagger (weapon)
Missiles
 l - 2 poisoned darts
Armour
 a - a +0 robe (worn)
 k - a +0 buckler (worn)
Jewellery
 d - an amulet of the acrobat (around neck)
 n - the amulet of Litar {Spirit rElec Dex+7 Stlth-}
   (You found it on level 3 of the Dungeon)

   [amulet of guardian spirit]

   It causes incoming damage to be divided between your reserves of health and
   magic.
   Dex:       It affects your dexterity (+7).
   rElec:     It insulates you from electricity.
   Stlth:     It makes you less stealthy.
 u - a ring of protection from fire (left hand)
Wands
 r - a wand of iceblast (10)
Scrolls
 c - a scroll of torment {unknown}
 e - a scroll of fear {unknown}
 f - 2 scrolls of poison {unknown}
 h - a scroll of immolation {unknown}
 i - 3 scrolls of amnesia {unknown}
 j - a scroll of enchant armour {unknown}
 o - a scroll of blinking {unknown}
 q - 3 scrolls of teleportation {unknown}
Potions
 b - a potion of magic
 g - 2 potions of lignification {unknown}
 m - a potion of mutation {unknown}
 s - a potion of heal wounds {unknown}
 t - a potion of might {unknown}


   Skills:
 - Level 1.5 Dodging
 - Level 2.4 Stealth
 + Level 2.0 Shields
 + Level 2.6 Spellcasting
 - Level 2.0 Conjurations
 + Level 5.4 Air Magic
 - Level 2.0 Poison Magic


You had 4 spell levels left.
You knew the following spells:

 Your Spells              Type           Power      Damage    Failure   Level
a - Shock                 Conj/Air       56%        1d6       5%          1
b - Mephitic Cloud        Conj/Pois/Air  12%        N/A       21%         3
c - Static Discharge      Conj/Air       14%        N/A       8%          2

Your spell library contained the following spells:

 Spells                   Type           Power      Damage    Failure   Level
 Swiftness                Air            20%        N/A       8%          3
 Magic Dart               Conj           36%        1d4       11%         1
 Beastly Appendage        Tmut           4%         N/A       24%         1
 Summon Small Mammal      Summ           8%         N/A       24%         1
 Airstrike                Air            10%        N/A       26%         4
 Call Imp                 Summ           2%         N/A       36%         2
 Wereblood                Tmut           2%         N/A       36%         2
 Spider Form              Tmut/Pois      5%         N/A       43%         3
 Call Canine Familiar     Summ           2%         N/A       58%         3
 Portal Projectile        Hex/Tloc       4%         N/A       58%         3
 Summon Guardian Golem    Hex/Summ       2%         N/A       58%         3
 Tukima's Dance           Hex            2%         N/A       58%         3
 Blade Hands              Tmut           1%         N/A       100%        5


Dungeon Overview and Level Annotations

Branches:
Dungeon (5/15)
 Temple: D:4-7

Altars:
Fedhas
Kikubaaqudgha
Makhleb
Vehumet

Annotations:
D:3 1 runed translucent door, Crazy Yiuf


Innate Abilities, Weirdness & Mutations

You have extremely sharp teeth.
Your natural rate of healing is unusually fast.
When hurt, damage is shared between your health and your magic reserves.
Your bite disrupts and absorbs the magic of your enemies.
Potions cannot restore your health.


Message History

There is a stone staircase leading up here.
Unknown command.
There is a stone staircase leading up here.
Casting: Static Discharge (safe; 8% risk of failure)
Confirm with . or Enter, or press ? or * to list all spells.
Okay, then.
Casting: Static Discharge (safe; 8% risk of failure)
Confirm with . or Enter, or press ? or * to list all spells.
The spell is quite dangerous to miscast (21% risk of failure)!
Continue anyway?
Okay, then.
Unknown command.
Casting: Mephitic Cloud (quite dangerous; 21% risk of failure)
Confirm with . or Enter, or press ? or * to list all spells.
The spell is quite dangerous to miscast (21% risk of failure)!
Continue anyway?
Aiming: Mephitic Cloud (quite dangerous; 21% risk of failure)
Press: ? - help, Shift-Dir - straight line, f - yak
Aim: a yak (chance to affect: 67%)
The ball explodes into a vile cloud!
The stinking cloud engulfs the yak but does no damage.
You hear a bellow!
You hear a shout!
The yak is engulfed in noxious fumes.
Unknown command.
You hit the yak but do no damage. You bite the yak. You drain its power.
You feel invigorated.
The yak is lightly wounded.
The yak is engulfed in noxious fumes.
The yak appears confused.
The yak gores you!
You barely miss the yak. You bite the yak, but do no damage.
The yak is lightly wounded.
The yak is engulfed in noxious fumes.
The yak appears confused.
The zap hits the yak.
The yak is lightly wounded.
The zap hits the yak but does no damage.
The yak is lightly wounded.
The yak gores you!
* * * LOW HITPOINT WARNING * * *
You are too injured to fight recklessly!
Unknown command.
The yak gores you!
You die...

#).. .... #...##.5 ##
.#....... . ....).#.# .#
.....$..##### .
#.......#### .#
.......####....## #.#
....#.# ####.Y####..#
... #.### ##@.....# .
.....########°.#...#
#...#.....Y....####.....
.........####### ....
... .Y... ... .....Y.###
.. .$...#.Y.#####. .
.....YY<..$....
.....##......#.


You could see a yak (confused).

Vanquished Creatures
  A scorpion (D:4)
  A howler monkey (D:3)
  A crimson imp (D:3)
  Jessica (D:2)
  An iguana (D:4)
  2 adders
  A shadow imp (D:4)
  3 worms
  A dart slug (D:1)
  8 ball pythons
  4 bats
  6 endoplasms
  6 giant cockroaches
  10 goblins
  6 hobgoblins
  8 jackals
  4 quokkas
  7 frilled lizards
  5 kobolds
  3 rats
79 creatures vanquished.

Vanquished Creatures (others)
  3 plants (D:3)
  2 withered plants (D:3)
5 creatures vanquished.

Grand Total: 84 creatures vanquished

Notes
Turn   | Place    | Note
-------+----------+-------------------------------------------
     0 | D:1      | quinnr the Vine Stalker Air Elementalist began the quest
                  | for the Orb.
     0 | D:1      | Reached XP level 1. HP: 9/9 MP: 4/4
   195 | D:1      | Reached XP level 2. HP: 13/13 MP: 1/6
   473 | D:1      | Found a faded altar of an unknown god.
   770 | D:1      | Reached skill level 4 in Air Magic
   985 | D:1      | Reached XP level 3. HP: 14/16 MP: 2/7
  2023 | D:2      | Gained mutation: Your natural rate of healing is unusually
                  | fast. [Vine Stalker growth]
  2023 | D:2      | Reached XP level 4. HP: 21/21 MP: 4/8
  2401 | D:2      | Learned a level 3 spell: Mephitic Cloud
  2662 | D:2      | Noticed Jessica
  2669 | D:2      | Killed Jessica
  2919 | D:3      | Identified the amulet of Litar {Spirit rElec Dex+7 Stlth-}
  3142 | D:3      | Reached skill level 5 in Air Magic
  3284 | D:3      | Learned a level 2 spell: Static Discharge
  3311 | D:3      | Found an ancient bone altar of Kikubaaqudgha.
  3312 | D:3      | Found a blossoming altar of Fedhas.
  3384 | D:3      | Reached skill level 1 in Shields
  3384 | D:3      | Reached skill level 1 in Poison Magic
  3384 | D:3      | Reached XP level 5. HP: 22/24 MP: 0/9
  3541 | D:3      | Found a burning altar of Makhleb.
  3542 | D:3      | Found a radiant altar of Vehumet.
  3595 | D:3      | Became a worshipper of Vehumet
  3827 | D:3      | Found a runed translucent door.
  3828 | D:3      | Noticed Crazy Yiuf
  4374 | D:4      | Reached XP level 6. HP: 21/28 MP: 1/10
  5372 | D:5      | Entered Level 5 of the Dungeon
  5372 | D:5      | Noticed a yak
  5372 | D:5      | Noticed a yak
  5372 | D:5      | Noticed a yak
  5373 | D:5      | Noticed a yak
  5563 | D:5      | Slain by a yak

Illustrated notes

Levels and vault maps discovered:
D:1:      psy_arrival_spokes, layout_loops_corners, basic_ecumenical_altar
D:2:      layout_basic, uniq_jessica
D:3:      layout_loops_ring, grunt_temple_overflow_lords_of_destruction,
          grunt_temple_overflow_growth_and_decay,
          wander_ebering_terrifying_dragon_lair, uniq_crazy_yiuf_cottage
D:4:      layout_basic, serial_bayou_pond_c
D:5:      layout_rooms, mainiacjoe_overflow_big_doors,
          minmay_temple_entry_antechambers, serial_shops,
          nicolae_take_the_stairs

Skill      XL: |  1  2  3  4  5  6 |
---------------+-------------------+-----
Air Magic      | 4 5 |  5.4
Shields        | 1 2 |  2.0
Poison Magic   | 1 2 |  2.0
Conjurations   | 2 |  2.0
Dodging        | |  1.5
Stealth        | |  2.4
Spellcasting   | |  2.6

Action                   |  1- 3 |  4- 6 || total
-------------------------+-------+-------++-------
Melee: Unarmed           |    20 |    20 ||    40
       Bite              |     7 |    16 ||    23
       Punch             |     1 |       ||     1
       Dagger            |       |    38 ||    38
 Cast: Shock             |    84 |   131 ||   215
       Static Discharge  |       |     6 ||     6
       Mephitic Cloud    |       |     1 ||     1
Armor: Robe              |     9 |     5 ||    14
Dodge: Dodged            |    30 |    45 ||    75
Block: Buckler           |       |    13 ||    13

Table legend: (Time is in decaauts)
 A = Elapsed time spent in this place.
 B = Non-inter-level travel time spent in this place.
 C = Inter-level travel time spent in this place.
 D = Time resting spent in this place.
 E = Time spent auto-exploring this place.
 F = Levels seen in this place.
 G = Mean time per level.
                   A        B        C        D        E       F      G
               +--------+--------+--------+--------+--------+-----+--------+
         Total |   5565 |   5361 |    204 |    336 |   4383 |   5 | 1113.0 |
       Dungeon |   5565 |   5361 |    204 |    336 |   4383 |   5 | 1113.0 |
               +--------+--------+--------+--------+--------+-----+--------+

Top non-repeatable levels by time:
     D:2: 1474 daAuts
     D:1: 1430 daAuts
     D:3: 1400 daAuts
     D:4: 1208 daAuts
     D:5: 52 daAuts
